 Dungeon Crawl Stone Soup version 0.31-a0-145-g046c7d2549 (webtiles) character file.

Game seed: 14189181275875442698

63 Faragor the Chiller (level 3, -2/19 HPs)
             Began as a Deep Elf Ice Elementalist on June 5, 2023.
             Slain by a gnoll
             ... wielding a +0 whip
              (5 damage)
             ... on level 2 of the Dungeon.
             The game lasted 00:08:12 (2051 turns).

Faragor the Chiller (Deep Elf Ice Elementalist)     Turns: 2051, Time: 00:08:14

Health: -2/19      AC:  4    Str:  5    XL:     3   Next: 87%
Magic:  5/10       EV: 13    Int: 27    God:
Gold:   123        SH:  0    Dex: 15    Spells: 4/10 levels left

rFire   . . .        d - +0 short sword
rCold   . . .        (no shield)
rNeg    . . .        a - +0 robe
rPois   .            (no helmet)
rElec   .            (no cloak)
rCorr   .            f - +0 pair of gloves
SInv    .            g - +0 pair of boots
Will    .....        (no amulet)
Stlth   ++           e - +6 ring of intelligence
HPRegen 0.23/turn    (no ring)
MPRegen 0.12/turn

%: no passive effects
@: freezing walls
A: no striking features
a: no special abilities


You were on level 2 of the Dungeon.
You visited 1 branch of the dungeon, and saw 2 of its levels.

You collected 123 gold pieces.

Inventory:

Hand Weapons
 d - a +0 short sword (weapon)
Armour
 a - a +0 robe (worn)
 f - a +0 pair of gloves (worn)
 g - a +0 pair of boots (worn)
Jewellery
 e - a +6 ring of intelligence (left hand)
Scrolls
 c - a scroll of identify
 h - a scroll of teleportation
Potions
 b - a potion of magic


   Skills:
 - Level 2.9 Dodging
 + Level 3.3 Stealth
 * Level 4.1 Spellcasting
 + Level 1.0 Conjurations
 + Level 4.8 Ice Magic


You had 4 spell levels left.
You knew the following spells:

 Your Spells              Type           Power      Damage    Failure   Level
a - Freeze                Ice            100%       1d10      1%          1
b - Searing Ray           Conj           22%        2d5       8%          2
c - Frozen Ramparts       Ice            62%        1d10      3%          3

Your spell library contained the following spells:

 Spells                   Type           Power      Damage    Failure   Level
 Ozocubu's Armour         Ice            31%        N/A       3%          3
 Magic Dart               Conj           44%        1d5       5%          1
 Summon Ice Beast         Ice/Summ       18%        N/A       28%         4
 Fulminant Prism          Conj/Hex       4%         3d5       54%         4


Dungeon Overview and Level Annotations

Branches:
Dungeon (2/15)

Altars:

Annotations:
D:1 flight required


Message History

Casting: Freeze (safe; 1% risk of failure)
Confirm with . or Enter, or press ? or * to list all spells.
The spell is quite dangerous to miscast (3% risk of failure)!
Continue anyway?
Casting: Frozen Ramparts (quite dangerous; 3% risk of failure)
Press: ? - help, Dir - look around, f - activate The walls around you are covered in ice.
The wall freezes the gnoll! x2
The gnoll hits you from afar with a +0 spear.
Casting: Frozen Ramparts (quite dangerous; 3% risk of failure)
Confirm with . or Enter, or press ? or * to list all spells.
Aiming: Freeze (safe; 1% risk of failure)
Press: ? - help, Shift-Dir - straight line, f - gnoll
Aim: a gnoll, wielding a +0 club You freeze the gnoll!
The gnoll is severely wounded.
The wall freezes the gnoll but does no damage.
The gnoll barely misses you.
The wall freezes the gnoll.
You kill the gnoll!
The wall freezes the gnoll but does no damage.
The gnoll misses you.
Casting: Freeze (safe; 1% risk of failure)
Confirm with . or Enter, or press ? or * to list all spells.
Aiming: Freeze (safe; 1% risk of failure)
Press: ? - help, Shift-Dir - straight line, f - gnoll
Aim: a gnoll, wielding a +0 whip You freeze the gnoll.
The gnoll is heavily wounded.
The wall freezes the gnoll.
The gnoll closely misses you.
The wall freezes the gnoll!
You kill the gnoll!
The wall freezes the gnoll.
The gnoll barely misses you.
Your Spellcasting skill increases to level 4!
Your Conjurations skill increases to level 1!
This spell is quite dangerous to cast!
Memorise Ozocubu's Armour, consuming 3 spell levels and leaving 1?
The wall freezes the gnoll but does no damage.
The gnoll hits you with a +0 flail!
Your memorisation is interrupted.
* * * LOW HITPOINT WARNING * * *
The wall freezes the gnoll.
The gnoll hits you with a +0 whip.
You die...

... ###### ... #.#
...... ...
#.######... ....
#....#..... .....
###..#..[#### .....#
#....#....# #
>.....###
#.........# #
....[)gg#
##.##.##..# #
#@####..#...#..###
#...##....#....##.
#..##.....#...#†..#.
##........##.##.....
###..##..........#.
#.###..#.#.......
... ####.......##
..## #....[.## .##
...##..#


You could see 2 gnolls.

Vanquished Creatures
  An adder (D:2)
  2 gnolls (D:2)
  5 bats
  2 endoplasms (D:1)
  A giant cockroach (D:1)
  2 goblins (D:1)
  4 hobgoblins (D:2)
  4 kobolds
  2 quokkas (D:1)
  4 ball pythons
  2 frilled lizards (D:1)
  4 rats
33 creatures vanquished.

Notes
Turn   | Place    | Note
-------+----------+-------------------------------------------
     0 | D:1      | Faragor the Deep Elf Ice Elementalist began the quest for
                  | the Orb.
     0 | D:1      | Reached XP level 1. HP: 10/10 MP: 6/6
   335 | D:1      | Reached XP level 2. HP: 15/15 MP: 6/8
   645 | D:1      | Learned a level 2 spell: Searing Ray
  1833 | D:2      | Reached XP level 3. HP: 18/19 MP: 7/10
  2046 | D:2      | Learned a level 3 spell: Frozen Ramparts
  2051 | D:2      | Reached skill level 1 in Conjurations
  2051 | D:2      | Slain by a gnoll

Illustrated notes

Levels and vault maps discovered:
D:1:      nicolae_arrival_washed_ashore, layout_loops_ring, nrook_mini_vaults,
          dreamdust_princess_bridge, chequers_garden,
          chequers_serial_rivers_large_a
D:2:      minmay_wonky_spiral, layout_rooms, serial_shops, shop,
          minmay_tromino_v4_b

Skill      XL: |  1  2  3 |
---------------+----------+-----
Stealth        | 3 |  3.3
Spellcasting   | 4 |  4.1
Conjurations   | 1 |  1.0
Dodging        | |  2.9
Ice Magic      | |  4.8

Action                     || total
---------------------------++-------
  Melee: Short sword       ||    10
   Cast: Freeze            ||    44
         Searing Ray       ||     2
         Frozen Ramparts   ||     1
    Use: Scroll            ||     2
         Potion            ||     2
 Armour: Robe              ||    18
  Dodge: Dodged            ||    37

Table legend: (Time is in decaauts)
 A = Elapsed time spent in this place.
 B = Non-inter-level travel time spent in this place.
 C = Inter-level travel time spent in this place.
 D = Time resting spent in this place.
 E = Time spent auto-exploring this place.
 F = Levels seen in this place.
 G = Mean time per level.
                   A        B        C        D        E       F      G
               +--------+--------+--------+--------+--------+-----+--------+
         Total |   2081 |   2002 |     79 |    592 |   1041 |   2 | 1040.5 |
       Dungeon |   2081 |   2002 |     79 |    592 |   1041 |   2 | 1040.5 |
               +--------+--------+--------+--------+--------+-----+--------+

Top non-repeatable levels by time:
     D:1: 1725 daAuts
     D:2: 355 daAuts
